 Dungeon Crawl Stone Soup version 0.30.1-11-g7821555f0a (webtiles) character file.

Game seed: 9753808577612285925

83 Peloso the Trooper (level 4, 0/45 HPs)
             Began as a Minotaur Fighter on Nov 14, 2023.
             Slain by Jessica
             ... wielding a +0 dagger
              (3 damage)
             ... on level 3 of the Dungeon.
             The game lasted 00:06:14 (1326 turns).

Peloso the Trooper (Minotaur Fighter)               Turns: 1326, Time: 00:06:16

Health: 0/45       AC: 15    Str: 17 (20) XL:     4   Next: 22%
Magic:  3/3        EV:  5    Int:  5      God:
Gold:   83         SH:  4    Dex: 11 (14) Spells: 3/3 levels left

rFire   . . .        a - +0 long sword
rCold   . . .        d - +0 buckler
rNeg    . . .        o - +0 plate armour
rPois   .            (helmet restricted)
rElec   .            (no cloak)
rCorr   +            (no gloves)
SInv    .            c - +0 pair of boots
Will    .....        (no amulet) Stlth
                     e - ring of resist corrosion
HPRegen 0.27/turn    (no ring)
MPRegen 0.08/turn

%: no passive effects
@: no status effects
A: horns 2, retaliatory headbutt, iridescent scales 1, thin skeletal structure
1, robust 1
a: no special abilities


You were on level 3 of the Dungeon.
You visited 1 branch of the dungeon, and saw 3 of its levels.

You collected 83 gold pieces.

Inventory:

Hand Weapons
 a - a +0 long sword (weapon)
Armour
 b - a +0 scale mail
 c - a +0 pair of boots (worn)
 d - a +0 buckler (worn)
 m - the +0 ring mail "Urha" {Will+ Dex+3 Slay+2}
   (You found it on level 3 of the Dungeon)

   Dex:       It affects your dexterity (+3).
   Slay:      It affects your accuracy & damage with ranged weapons and melee
   (+2).
   Will:      It increases your willpower.
 o - a +0 plate armour (worn)
Jewellery
 e - a ring of resist corrosion (left hand)
Wands
 l - a wand of iceblast (12)
Scrolls
 f - 2 scrolls of teleportation
 g - 2 scrolls of fog
 k - a scroll of identify
Potions
 h - 2 potions of brilliance
 i - a potion of might
 j - 2 potions of curing {unknown}


   Skills:
 + Level 4.4 Fighting
 + Level 3.6 Long Blades
 + Level 4.3 Armour
 + Level 0.4 Dodging
 + Level 4.1 Shields


You had 3 spell levels left.
You didn't know any spells.
Your spell library contained the following spells:

 Spells                   Type           Power      Damage    Failure   Level
 Ozocubu's Armour         Ice            0%         N/A       100%        3
 Ozocubu's Refrigeration  Ice            0%         4d7       100%        7


Dungeon Overview and Level Annotations

Branches:
Dungeon (3/15)

Altars:

Annotations:
D:3 Jessica


Innate Abilities, Weirdness & Mutations

You have a pair of horns on your head.
You reflexively headbutt those who attack you in melee.
You are partially covered in iridescent scales. (AC +2)
You have a somewhat thin skeletal structure. (Dex +2, Stealth+)
You are robust. (+10% HP)


Message History

Press ? for a list of commands and other information.
The ball python hisses angrily.
You barely miss the ball python. You headbutt the ball python.
You kill the ball python!
Jessica the Apprentice Sorceress comes into view.
She is wielding a +0 dagger and carrying a wand of light (11).
Jessica is nearby!
Jessica is nearby!
Jessica is nearby!
A bat comes into view.
Jessica zaps a wand.
The bolt of light hits you!
You are confused.
You hear a shout!
You hear an angry hiss.
You bump into the rock wall.
You hear a bark!
A jackal comes into view.
Jessica zaps a wand.
The bolt of light hits you.
You are more confused.
You bump into the rock wall.
Jessica hits you but does no damage.
A hobgoblin comes into view.
You're too confused to move!
The hobgoblin shouts!
You hear a bark!
Jessica zaps a wand.
The bolt of light hits you!
You are more confused.
* * * LOW HITPOINT WARNING * * *
You bump into the rock wall.
A jackal comes into view.
A frilled lizard comes into view.
Jessica barely misses you.
You bump into the rock wall.
Jessica gestures at you while chanting. Pain shoots through your body!
* * * LOW HITPOINT WARNING * * *
You bump into the rock wall.
You feel less confused.
Jessica zaps a wand.
The bolt of light misses you.
A jackal comes into view.
You barely miss Jessica.
The jackal barks!
Jessica shouts, "You're disturbing me!
I'll have to kill you!" Jessica hits you with a +0 dagger.
You die... #.. .h ..### ..h# #lg. hb#

#@#
#@#
#.#
#.#
#.#
#.#
#.#
#.## .
#..#
.#####
##.#


You could see Jessica, 3 jackals, a hobgoblin, a bat and a frilled lizard.

Vanquished Creatures
  3 adders (D:2)
  A dart slug (D:2)
  5 orcs (D:3)
  5 bats
  3 endoplasms
  3 giant cockroaches
  2 hobgoblins
  2 quokkas
  4 ball pythons
  4 frilled lizards
  6 goblins
  4 kobolds
  8 rats
50 creatures vanquished.

Notes
Turn   | Place    | Note
-------+----------+-------------------------------------------
     0 | D:1      | Peloso the Minotaur Fighter began the quest for the Orb.
     0 | D:1      | Reached XP level 1. HP: 19/19 MP: 0/0
   128 | D:1      | Reached XP level 2. HP: 27/27 MP: 1/1
   545 | D:2      | Reached XP level 3. HP: 18/33 MP: 2/2
   792 | D:2      | Gained mutation: You are robust. (+10% HP) [potion of
                  | mutation]
   792 | D:2      | Gained mutation: You have a somewhat thin skeletal
                  | structure. (Dex +2, Stealth+) [potion of mutation]
   792 | D:2      | Gained mutation: You are partially covered in iridescent
                  | scales. (AC +2) [potion of mutation]
  1148 | D:3      | Reached XP level 4. HP: 44/45 MP: 3/3
  1218 | D:3      | Identified the +0 ring mail "Urha" {Will+ Dex+3 Slay+2}
  1316 | D:3      | Noticed Jessica
  1324 | D:3      | HP: 2/45 [Jessica/nerve-wracking pain (6)]
  1326 | D:3      | Slain by Jessica

Illustrated notes

Levels and vault maps discovered:
D:1:      psy_arrival_terrarium, layout_rooms, minmay_misc_feat_plants
D:2:      layout_basic, minmay_misc_feat_diagonals
D:3:      layout_rooms, mainiacjoe_overflow_catwalk, uniq_jessica

Skill      XL: |  1  2  3 |
---------------+----------+-----
Armour         | 4 |  4.3
Fighting       | 4 |  4.4
Shields        | 4 |  4.1
Long Blades    | 3 |  3.6
Dodging        | |  0.4

Action                     |  1- 3 |  4- 6 || total
---------------------------+-------+-------++-------
  Melee: Long sword        |    91 |    22 ||   113
         Headbutt          |     6 |     4 ||    10
    Use: Potion            |     5 |       ||     5
         Scroll            |     3 |       ||     3
 Armour: Scale mail        |    49 |       ||    49
         Plate armour      |    18 |    15 ||    33
  Dodge: Dodged            |    43 |     8 ||    51
  Block: Buckler           |    12 |     3 ||    15
